 Dungeon Crawl Stone Soup version 0.18-a0-1595-g0d04c30 (webtiles) character file.

112 Ace the Chopper (level 4, -1/40 HPs)
             Began as a Hill Orc Gladiator on Mar 20, 2016.
             Slain by a gnoll
             ... wielding a +0 halberd
              (8 damage)
             ... on level 3 of the Dungeon.
             The game lasted 00:03:35 (2800 turns).

Ace the Chopper (Hill Orc Gladiator)                Turns: 2800, Time: 00:03:35

Health: -1/40      AC: 11    Str: 17    XL:     4   Next: 93%
Magic:  4/4        EV:  5    Int:  8    God:
Gold:   129        SH:  0    Dex: 12    Spells: 0 memorised, 3 levels left

rFire  . . .     SeeInvis .     a - +0 war axe
rCold  . . .     Gourm    .     p - +0 plate armour (curse)
rNeg   . . .     Faith    .     (no shield)
rPois  .         Spirit   .     c - +0 helmet
rElec  .         Dismiss  .     (no cloak)
rCorr  .         Reflect  .     (no gloves)
SustAt .         Harm     .     (no boots)
MR     .....                    (no amulet)
Stlth  ..........               (no ring)
                                (no ring)

@: lethally poisoned (-1 -> -6), not resistant to hostile enchantments,
extremely unstealthy
A: no striking features
a: no special abilities


You were on level 3 of the Dungeon.
You were not hungry.

You visited 1 branch of the dungeon, and saw 3 of its levels.

You collected 129 gold pieces.

Inventory:

Hand Weapons
 a - a +0 war axe (weapon)
 k - a +0 hand axe
Missiles
 d - 3 throwing nets (quivered)
Armour
 b - a +0 leather armour
 c - a +0 helmet (worn)
 p - a cursed +0 plate armour (worn)
Jewellery
 t - an uncursed amulet of regeneration {unknown}
Scrolls
 e - 2 scrolls of amnesia {unknown}
 h - 2 scrolls of fear {unknown}
 i - 3 scrolls of teleportation {unknown}
 m - 2 scrolls of enchant armour {unknown}
 n - a scroll of magic mapping {unknown}
 o - 2 scrolls of identify {unknown}
 q - 2 scrolls of random uselessness {unknown}
Comestibles
 f - a bread ration
 g - 8 fruits
 j - 2 beef jerkies
 r - a royal jelly
 s - 4 chunks of flesh


   Skills:
 + Level 3.9 Fighting
 * Level 6.3 Axes
 - Level 1.7 Throwing
 - Level 2.4 Dodging


You had 3 spell levels left.
You didn't know any spells.

Dungeon Overview and Level Annotations

Branches:
Dungeon (3/15)

Altars:


Message History

The gnoll hits you from afar with a halberd!
* * * LOW HITPOINT WARNING * * *
Unknown command.
You bump into the rock wall.
* * * LOW HITPOINT WARNING * * *
You feel sick. The hound bites you but does no damage. The hound bites you.
* * * LOW HITPOINT WARNING * * *
The gnoll closely misses you.
You miss the hound.
The hound is moderately wounded.
You feel less invigorated.
You feel less confused.
You feel sick. The hound bites you but does no damage.
The hound barely misses you. The gnoll closely misses you.
Unknown command.
You hit the hound.
The hound is heavily wounded.
The hound bites you but does no damage.
The gnoll hits you from afar with a halberd!
You die... ## .... .#......# .... .#......# ... ........## ... .#........ ### gg#

..##....###.. .#w# ####
............##.#g#.....#
...............#)#...>.#
...............#@#.....#
.รท......#......#h#.....#
##..#.#........#S#.....#
...............#br.....#
.......##......#.....?.#
####..##..###..../.....##
# #.....## #####........
##..### #......#. #....
.......#


You could see a worm, a hound, 3 gnolls, an adder, a bat and a rat.

Vanquished Creatures
  A gnoll (D:3)
  3 adders
  2 oozes
  A worm (D:3)
  A dart slug (D:1)
  2 giant geckos
  2 ball pythons
  7 bats
  3 giant cockroaches
  8 goblins
  6 hobgoblins
  3 jackals (D:1)
  10 kobolds
  3 giant newts
  5 rats
57 creatures vanquished.

Notes
Turn   | Place    | Note
--------------------------------------------------------------
     0 | D:1      | Ace the Hill Orc Gladiator began the quest for the Orb.
     0 | D:1      | Reached XP level 1. HP: 18/18 MP: 1/1
   187 | D:1      | Reached XP level 2. HP: 19/25 MP: 2/2
   421 | D:1      | Reached skill level 5 in Axes
   431 | D:1      | Reached XP level 3. HP: 31/31 MP: 3/3
  1639 | D:2      | Reached XP level 4. HP: 14/38 MP: 4/4
  2482 | D:2      | Reached skill level 6 in Axes
  2798 | D:3      | HP: 2/40 [hound (4)]
  2800 | D:3      | Slain by a gnoll

Vault maps used:
D:1:      dpeg_arrival_houses_and_road
D:2:      minivault_14, kennysheep_generic_room_5

Skill      XL: |  1  2  3  4 |
---------------+-------------+-----
Fighting       | 3 |  3.9
Axes           | 5 6 |  6.3
Throwing       | |  1.7
Dodging        | |  2.4

Action                   |  1- 3 |  4- 6 || total
-------------------------+-------+-------++-------
Melee: War axe           |   104 |    74 ||   178
  Use: Potion            |       |     1 ||     1
  Eat: Chunk             |     2 |     4 ||     6
